 Dungeon Crawl Stone Soup version 0.30.0-30-g96aa6591b8 (webtiles) character file.

Game seed: 3964536624585551588

103 plant00 the Sneak (level 4, -7/39 HPs)
             Began as an Armataur Brigand on July 1, 2023.
             Was a Follower of Jiyva.
             Mangled by Edmund
             ... wielding a +5 dire flail of protection
              (11 damage)
             ... on level 6 of the Dungeon.
             The game lasted 00:23:22 (1134 turns).

plant00 the Sneak (Armataur Brigand)                Turns: 1134, Time: 00:23:23

Health: -7/39      AC:  5    Str: 16    XL:     4   Next: 51%
Magic:  0/4        EV:  9    Int: 14    God:    Jiyva [*.....]
Gold:   32         SH:  0    Dex: 11    Spells: 3/3 levels left

rFire   . . .        y - +0 flail
rCold   . . .        (no shield)
rNeg    . . .        b - +0 robe
rPois   .            (no helmet)
rElec   .            c - +0 cloak
rCorr   .            (no gloves)
SInv    .            (no barding)
Will    .....        u - amulet of guardian spirit
Stlth   +++          (no ring)
HPRegen 1.06/turn    (no ring)
MPRegen 0.34/turn

%: guardian spirit, roll
@: no status effects
A: large, rugged brown scales 3, deformed body, armoured tail, roll, long
tongue, awkward tongue
a: Renounce Religion


You were on level 6 of the Dungeon.
You worshipped Jiyva.
Jiyva was aware of your devotion.
You visited 1 branch of the dungeon, and saw 7 of its levels.

You collected 32 gold pieces.

Inventory:

Hand Weapons
 a - a +2 dagger
 f - a +0 club
 g - a +0 quarterstaff
 h - a +0 short sword
 k - a +0 spear
 m - a +0 club
 q - a +0 hand axe
 y - a +0 flail (weapon)
Missiles
 d - 15 poisoned darts (quivered)
 e - 3 curare-tipped darts
 j - 29 stones
Armour
 b - a +0 robe (worn)
 c - a +0 cloak (worn)
 o - a +0 robe
 p - a +0 leather armour
 x - a +0 pair of boots
Magical Staves
 w - a staff of death
Jewellery
 i - a +4 ring of slaying
 u - an amulet of guardian spirit (around neck)
Scrolls
 r - 2 scrolls of fear
 s - a scroll of identify
 v - a scroll of noise {unknown}
Potions
 l - 2 potions of curing
 n - a potion of mutation
 t - a potion of resistance
 z - a potion of attraction {unknown}


   Skills:
 + Level 2.5 Fighting
 + Level 2.2 Short Blades
 + Level 0.3 Axes
 + Level 1.8 Throwing
 + Level 1.3 Dodging
 + Level 5.6 Stealth


You had 3 spell levels left.
You didn't know any spells.
Your spell library was empty.

Dungeon Overview and Level Annotations

Branches:
Dungeon (7/15)
 Temple: D:4-7

Altars:
Cheibriados
Fedhas
Hepliaklqana
Jiyva

Annotations:
D:6 Edmund


Innate Abilities, Weirdness & Mutations

You are completely covered in rugged brown scales. (AC +3, +7% HP)
Armour fits poorly on your strangely shaped body.
You have a long armoured tail.
You roll when moving toward enemies. (Rampage)
Your long tongue fully drains potion bottles. (2x potion effects)
Your tongue gives you trouble enunciating. (1.5x scroll delay)


Message History

The scorpion stings you but does no damage.
You hit the scorpion.
Your tail-slap misses the scorpion.
The scorpion is severely wounded.
You feel sick.
The scorpion stings you but does no damage.
You hit the scorpion.
The scorpion is almost dead.
You feel sick. The scorpion stings you.
You closely miss the scorpion.
The scorpion is almost dead.
You feel sick.
You are no longer poisoned.
The scorpion stings you.
You hit the scorpion.
You kill the scorpion!
You have reached level 4!
You feel clever. Why would you want to do that? Why would you want to do that?
There is a stone staircase leading up here.
You climb upwards.
Level annotation: Edmund
There is a stone staircase leading down here.
You see here a +0 flail.
y - a +0 flail
y - a +0 flail (weapon)
Found a falchion.
Found a helmet and a ring mail.
The helpless Edmund fails to defend himself.
You hit Edmund but do no damage. You tail-slap Edmund.
Edmund is lightly wounded.
Edmund hits you with a +5 dire flail of protection.
You closely miss Edmund.
Edmund is lightly wounded.
Edmund hits you with a +5 dire flail of protection! x2
Edmund hits you with a +5 dire flail of protection!
* * * LOW HITPOINT WARNING * * *
Edmund attacks as you move away! Edmund closely misses you.
Edmund hits you with a +5 dire flail of protection!
You die...

#### #... ###...#######
##########
#...........####........#
[.........#..>.#.#......#
[.......@##........#.#..#
#.#.#..#.@......##......#
......#####.....##.#.#.##
#.#.#) #....###.....#
...... ...########.###
#.#.# ###########....##
..... #...............#
#.#. #........#.#.#..#
#...............#
#........#.#.#..#


You could see Edmund.

Vanquished Creatures
  A scorpion (D:7)
  2 adders
  2 dart slugs (D:1)
  2 ball pythons
  3 bats
  An endoplasm (D:3)
  A giant cockroach (D:1)
  2 goblins (D:1)
  3 hobgoblins
  A jackal (D:1)
  A frilled lizard (D:1)
  3 kobolds (D:1)
  3 rats
25 creatures vanquished.

Notes
Turn   | Place    | Note
-------+----------+-------------------------------------------
     0 | D:1      | plant00 the Armataur Brigand began the quest for the Orb.
     0 | D:1      | Reached XP level 1. HP: 18/18 MP: 1/1
   139 | D:1      | Reached XP level 2. HP: 20/25 MP: 2/2
   247 | D:1      | Reached skill level 5 in Stealth
   520 | D:3      | Reached XP level 3. HP: 31/31 MP: 3/3
   564 | D:3      | Reached skill level 1 in Dodging
   763 | D:5      | Entered Level 5 of the Dungeon
   785 | D:5      | Found a snail-covered altar of Cheibriados.
   785 | D:5      | Found a faded altar of an unknown god.
   793 | D:5      | Found a blossoming altar of Fedhas.
   805 | D:5      | Found a hazy altar of Hepliaklqana.
   807 | D:5      | Found a faded altar of an unknown god.
   897 | D:5      | Prayed at the altar of an unknown god.
   897 | D:5      | Became a worshipper of Jiyva Jiuxkusa the Shapeless
   897 | D:5      | Reached * piety under Jiyva
  1052 | D:6      | Noticed a scorpion
  1053 | D:6      | Noticed Edmund
  1066 | D:7      | Killed a scorpion
  1067 | D:7      | Reached XP level 4. HP: 32/39 MP: 4/4
  1134 | D:6      | Mangled by Edmund

Illustrated notes

Levels and vault maps discovered:
D:1:      lemuel_arrival_river_ford, layout_rooms, minivault_4
D:2:      layout_loops_cross, uniq_sigmund, uniq_jessica
D:3:      layout_rooms, nicolae_sif_muna_condensation,
          mainiacjoe_overflow_big_doors, nicolae_overflow_ecumenical_swirl
D:4:      layout_loops_cross, minmay_temple_entry_gardened_gates
D:5:      layout_basic, chequers_temple_overflow_minitemple,
          lemuel_coloured_pillars_altar, uniq_menkaure
D:6:      layout_loops_cross, serial_glass, glass_columns_a, glass_columns_a,
          glass_columns_b, glass_columns_b, glass_columns_a, glass_columns_c,
          glass_columns_c, glass_columns_a, serial_shops, shop,
          lightli_corner_chamber, uniq_edmund
D:7:      layout_basic, nicolae_ru_path_of_blood, nicolae_eternal_life

Skill      XL: |  1  2  3 |
---------------+----------+-----
Fighting       | 2 |  2.5
Stealth        | 5 |  5.6
Dodging        | 1 |  1.3
Short Blades   | 2 |  2.2
Axes           | |  0.3
Throwing       | |  1.8

Action                     |  1- 3 |  4- 6 || total
---------------------------+-------+-------++-------
  Melee: Dagger            |    77 |       ||    77
         Tailslap          |     8 |     1 ||     9
         Hand axe          |    17 |       ||    17
         Flail             |       |     2 ||     2
    Use: Scroll            |     3 |       ||     3
         Potion            |     1 |       ||     1
   Stab: Sleeping          |     2 |     1 ||     3
 Armour: Robe              |    55 |       ||    55
  Dodge: Dodged            |    79 |     1 ||    80
